 Dungeon Crawl Stone Soup version 0.30-a0-374-g95c0257040 (webtiles) character file.

Game seed: 4751387793526828895

49 Maratek the Chiller (level 3, -5/17 HPs)
             Began as a Vine Stalker Ice Elementalist on Nov 25, 2022.
             Was a Follower of Cheibriados.
             Slain by Sigmund
             ... wielding a +0 scythe
              (8 damage)
             ... on level 2 of the Dungeon.
             The game lasted 00:05:30 (1373 turns).

Maratek the Chiller (Vine Stalker Ice Elementalist) Turns: 1373, Time: 00:05:31

Health: -5/17      AC:  2    Str: 13    XL:     3   Next: 75%
Magic:  0/7        EV: 12    Int: 20    God:    Cheibriados [*.....]
Gold:   64         SH:  0    Dex: 17    Spells: 3/7 levels left

rFire   . . .      SeeInvis .    e - +0 hand axe (pain)
rCold   . . .      Faith    .    (no shield)
rNeg    . . .      Spirit   +    a - +0 robe
rPois   .          Reflect  .    (no helmet)
rElec   .          Harm     .    (no cloak)
rCorr   .          Rampage  .    (no gloves)
Will    .....                    (no boots)
Stlth   +.........               (no amulet)
HPRegen 0.22/turn                (no ring)
MPRegen 0.10/turn                (no ring)

@: confused, very slow
A: fangs 2, magic shield, antimagic bite, no potion heal 2
a: Renounce Religion, Bend Time


You were on level 2 of the Dungeon.
You worshipped Cheibriados.
Cheibriados was aware of your devotion.
You visited 1 branch of the dungeon, and saw 2 of its levels.

You collected 64 gold pieces.

Inventory:

Hand Weapons
 e - a +0 hand axe of pain (weapon)
Armour
 a - a +0 robe (worn)
Jewellery
 f - a ring of protection from cold
Scrolls
 g - a scroll of teleportation {unknown}
 i - a scroll of enchant armour {unknown}
 j - a scroll of identify
Potions
 b - a potion of magic
 c - 2 potions of heal wounds
 d - 2 potions of might {unknown}
 h - a potion of lignification {unknown}


   Skills:
 + Level 0.4 Fighting
 + Level 1.0 Axes
 + Level 1.8 Dodging
 + Level 2.8 Stealth
 + Level 2.6 Spellcasting
 + Level 4.5 Ice Magic


You had 3 spell levels left.
You knew the following spells:

 Your Spells              Type           Power      Damage    Failure   Level
a - Freeze                Ice            80%        1d9       2%          1
b - Frozen Ramparts       Ice            40%        1d7       7%          3

Your spell library contained the following spells:

 Spells                   Type           Power      Damage    Failure   Level
 Ozocubu's Armour         Ice            20%        N/A       7%          3
 Summon Ice Beast         Ice/Summ       11%        N/A       52%         4


Dungeon Overview and Level Annotations

Branches:
Dungeon (2/15)

Altars:
Cheibriados

Shops:
D:1 [

Annotations:
D:2 Sigmund, Terence


Innate Abilities, Weirdness & Mutations

You have extremely sharp teeth.
When hurt, damage is shared between your health and your magic reserves.
Your bite disrupts and absorbs the magic of your enemies.
Potions cannot restore your health.


Message History

Terence the Incautious comes into view.
He is wielding a +0 falchion.
Found a stone staircase leading up.
The kobold throws a stone.
The stone hits you. The endoplasm barely misses you.
Sigmund completely misses you. The endoplasm hits you.
You hit the endoplasm but do no damage. You barely miss Sigmund.
Sigmund points at you and mumbles some strange words.
The magic dart hits you. The endoplasm hits you.
The endoplasm attacks as you move away!
The endoplasm hits you but does no damage.
Sigmund mumbles some strange words.
Sigmund flickers and vanishes!
Deactivating autopickup; reactivate with Ctrl-A.
Something hits you. The endoplasm attacks as you move away!
The endoplasm hits you.
* * * LOW HITPOINT WARNING * * *
The endoplasm freezes you.
You are frozen.
* * * LOW HITPOINT WARNING * * *
You see here 3 stones.
You don't have enough magic at the moment.
Casting: Frozen Ramparts (extremely dangerous; 8% risk of failure)
Confirm with . or Enter, or press ? or * to list all spells.
You don't have enough magic to cast this spell.
You hit the endoplasm.
The endoplasm is heavily wounded.
The endoplasm hits you.
* * * LOW HITPOINT WARNING * * *
You slash the endoplasm!
You kill the endoplasm!
Cheibriados appreciates the change of pace.
Cheibriados raises the support of your attributes as your movement slows.
Something hits you but does no damage. The kobold barely misses you.
You miss the kobold. You bite the kobold.
You kill the kobold!
Cheibriados appreciates the change of pace.
You hear some strange, mumbled words.
You are confused.
Something hits you!
You die...

#.<..########.#........
#.............##.......
#.....###########......
#..>.### #######
#......# # #....#.#
#....#.# ######(# #@#
#{# ###### #@# ......
#...........# ######
........###...##########
........# ...........
........# #######.##
........# ## #..#
....<.... ....####.###


You could see Terence.

Vanquished Creatures
  A gnoll (D:1)
  A worm (D:2)
  5 ball pythons
  3 endoplasms
  A giant cockroach (D:2)
  2 goblins (D:1)
  2 hobgoblins
  4 quokkas
  2 bats
  9 kobolds
  2 rats (D:1)
32 creatures vanquished.

Notes
Turn   | Place    | Note
-------+----------+-------------------------------------------
     0 | D:1      | Maratek the Vine Stalker Ice Elementalist began the quest
                  | for the Orb.
     0 | D:1      | Reached XP level 1. HP: 9/9 MP: 4/4
    63 | D:1      | Found Gasex's Antique Armour Boutique.
   216 | D:1      | Reached XP level 2. HP: 13/13 MP: 3/6
   432 | D:1      | Reached XP level 3. HP: 3/16 MP: 1/7
  1047 | D:1      | Learned a level 3 spell: Frozen Ramparts
  1048 | D:2      | Found a faded altar of an unknown god.
  1115 | D:2      | Prayed at the altar of an unknown god.
  1115 | D:2      | Became a worshipper of Cheibriados the Contemplative
  1115 | D:2      | Reached * piety under Cheibriados
  1287 | D:2      | Reached skill level 1 in Axes
  1363 | D:2      | Noticed Sigmund
  1364 | D:2      | Noticed Terence
  1373 | D:2      | Slain by Sigmund

Illustrated notes

Levels and vault maps discovered:
D:1:      minmay_arrival_semitransparent, layout_loops_ring, serial_shops,
          nicolae_shop_crystal
D:2:      layout_rooms, basic_ecumenical_altar, uniq_sigmund, uniq_terence

Skill      XL: |  1  2  3 |
---------------+----------+-----
Axes           | 1 |  1.0
Fighting       | |  0.4
Dodging        | |  1.8
Stealth        | |  2.8
Spellcasting   | |  2.6
Ice Magic      | |  4.5

Action                   || total
-------------------------++-------
Melee: Hand axe          ||    74
       Bite              ||    17
 Cast: Freeze            ||    14
       Frozen Ramparts   ||     1
Invok: Bend Time         ||     1
  Use: Scroll            ||     2
 Stab: Sleeping          ||     2
Armor: Robe              ||    28
Dodge: Dodged            ||    82

Table legend: (Time is in decaauts)
 A = Elapsed time spent in this place.
 B = Non-inter-level travel time spent in this place.
 C = Inter-level travel time spent in this place.
 D = Time resting spent in this place.
 E = Time spent auto-exploring this place.
 F = Levels seen in this place.
 G = Mean time per level.
                   A        B        C        D        E       F      G
               +--------+--------+--------+--------+--------+-----+--------+
         Total |   1438 |   1438 |      0 |      0 |    957 |   2 |  719.0 |
       Dungeon |   1438 |   1438 |      0 |      0 |    957 |   2 |  719.0 |
               +--------+--------+--------+--------+--------+-----+--------+

Top non-repeatable levels by time:
     D:1: 1057 daAuts
     D:2: 381 daAuts
